 Dungeon Crawl Stone Soup version 0.21.1-1-g345015f (webtiles) character file.

112 prawnwizard the Firebug (level 4, 0/33 HPs)
             Began as a Draconian Fire Elementalist on July 1, 2018.
             Slain by a gnoll (2 damage)
             ... on level 2 of the Dungeon.
             The game lasted 00:10:47 (1532 turns).

prawnwizard the Firebug (DrFE)                      Turns: 1532, Time: 00:10:48

Health: 0/33       AC: 12    Str: 12    XL:     4   Next: 64%
Magic:  1/7        EV: 13    Int: 16    God:
Gold:   85         SH:  0    Dex: 12    Spells: 1/8 levels left

rFire    . . .     SeeInvis .   i - +0 dagger (protect)
rCold    . . .     Gourm    .   (no shield)
rNeg     . . .     Faith    .   (armour unavailable)
rPois    .         Spirit   .   (helmet restricted)
rElec    .         Reflect  .   (no cloak)
rCorr    .         Harm     .   (no gloves)
MR       .....                  (no boots)
Stlth    +.........             (no amulet)
HPRegen  0.11/turn              k - +2 ring of strength
MPRegen  0.10/turn              o - ring of loudness (curse)

@: protection aura
A: unfitting armour, cold-blooded, AC +5
a: no special abilities


You were on level 2 of the Dungeon.
You were not hungry.

You visited 1 branch of the dungeon, and saw 2 of its levels.

You collected 85 gold pieces.

Inventory:

Hand Weapons
 c - a +0 dagger
 i - a +0 dagger of protection (weapon)
 n - a cursed -2 dagger
Jewellery
 g - an uncursed ring of positive energy
 k - a +2 ring of strength (left hand)
 o - a cursed ring of loudness (right hand)
Scrolls
 f - a scroll of magic mapping {unknown}
 h - 3 scrolls of fear {unknown}
 j - a scroll of noise {unknown}
 m - 2 scrolls of teleportation {unknown}
 q - 4 scrolls of remove curse {unknown}
 r - a scroll of identify {unknown}
Potions
 d - 3 potions of heal wounds
 e - a potion of brilliance {unknown}
 l - a potion of curing {unknown}
 p - a potion of flight {unknown}
 s - a potion of degeneration {unknown}
 t - a potion of might {unknown}
Books
 a - a book of Flames

   Spells                             Type                      Level
   a - Flame Tongue                   Conjuration/Fire             1
   b - Throw Flame                    Conjuration/Fire             2
   c - Conjure Flame                  Conjuration/Fire             3
   d - Inner Flame                    Hexes/Fire                   3
   e - Sticky Flame                   Conjuration/Fire             4
   f - Fireball                       Conjuration/Fire             5
 v - a book of Cantrips

   Spells                             Type                      Level
   a - Confusing Touch                Hexes                        1
   b - Animate Skeleton               Necromancy                   1
   c - Summon Small Mammal            Summoning                    1
   d - Apportation                    Translocation                1
Comestibles
 b - a ration
 u - 2 chunks of flesh


   Skills:
 + Level 2.6 Dodging
 - Level 2.1 Stealth
 * Level 2.6 Spellcasting
 + Level 1.9 Conjurations
 * Level 4.0 Fire Magic


You had one spell level left.
You knew the following spells:

 Your Spells              Type           Power        Failure   Level  Hunger
a - Flame Tongue          Conj/Fire      ##...        5%          1    #......
b - Inner Flame           Hex/Fire       #.......     26%         3    ###....
c - Conjure Flame         Conj/Fire      ##......     17%         3    ###....


Dungeon Overview and Level Annotations

Branches:
Dungeon (2/15)

Altars:
Elyvilon
Uskayaw


Innate Abilities, Weirdness & Mutations

Your plain brown scales are hard. (AC +5)
You cannot fit into any form of body armour.
You are cold-blooded and may be slowed by cold attacks.


Message History

You hit the gnoll but do no damage.
Your weapon exudes an aura of protection.
The gnoll is moderately wounded.
The gnoll hits you but does no damage.
You hit the gnoll.
The gnoll is heavily wounded.
The gnoll closely misses you.
You hit the gnoll.
The gnoll is severely wounded.
The gnoll hits you but does no damage.
You completely miss the gnoll.
The gnoll is severely wounded.
The gnoll barely misses you.
You hit the gnoll but do no damage.
The gnoll is severely wounded.
The gnoll misses you.
You barely miss the gnoll.
The gnoll is severely wounded.
The gnoll hits you.
You die...

#.# #.# #.. #.#
#.# ## #.# #.#
###.#####.#
#.......#.# #
#..#..g...# #.
#..#.##.### #.#
#..g.##.#######
#.#######
#..g.##..g.gg@#
##....)..
#....##########
##.####### ##.#.#
#.## # #.#.# #.#
#### #.#.#
#########.#####...
#.#.#
..................
#.%..
####........##...
....#
#..#####.###.. ..
.# #.#####†.# #.#
#..


You could see 3 gnolls.

Vanquished Creatures
  Jessica (D:2)
  3 adders (D:2)
  2 worms (D:2)
  A dart slug (D:1)
  A leopard gecko (D:1)
  A giant cockroach (D:1)
  8 goblins
  2 hobgoblins (D:1)
  11 jackals
  9 kobolds
  4 bats
  A frilled lizard (D:1)
  4 rats
48 creatures vanquished.

Notes
Turn   | Place    | Note
-------+----------+-------------------------------------------
     0 | D:1      | prawnwizard the Draconian Fire Elementalist began the quest for the Orb.
     0 | D:1      | Reached XP level 1. HP: 14/14 MP: 3/3
   137 | D:1      | Reached XP level 2. HP: 19/20 MP: 3/5
   439 | D:1      | Reached XP level 3. HP: 25/26 MP: 1/6
   979 | D:2      | Found a white marble altar of Elyvilon.
  1001 | D:2      | Learned a level 3 spell: Inner Flame
  1033 | D:2      | Noticed a hand axe
  1033 | D:2      | Noticed a dagger
  1074 | D:2      | Reached XP level 4. HP: 17/33 MP: 1/7
  1133 | D:2      | Learned a level 3 spell: Conjure Flame
  1204 | D:2      | Found a hide-covered altar of Uskayaw.
  1438 | D:2      | Noticed Jessica
  1456 | D:2      | Killed Jessica
  1456 | D:2      | Reached skill level 4 in Fire Magic
  1532 | D:2      | Slain by a gnoll

Skill      XL: |  1  2  3  4 |
---------------+-------------+-----
Dodging        | 2 |  2.6
Stealth        | 2 |  2.1
Fire Magic     | 4 |  4.0
Spellcasting   | |  2.6
Conjurations   | |  1.9

Action                   |  1- 3 |  4- 6 || total
-------------------------+-------+-------++-------
Melee: Unarmed           |     9 |       ||     9
       Dagger            |    94 |    47 ||   141
       Tailslap          |     8 |     6 ||    14
 Cast: Flame Tongue      |    50 |    12 ||    62
       Conjure Flame     |       |     1 ||     1
 Stab: Sleeping          |     4 |       ||     4
  Eat: Chunk             |     1 |     2 ||     3
Armor: Skin              |    74 |    17 ||    91
Dodge: Dodged            |   120 |    23 ||   143
